 Dungeon Crawl Stone Soup version 0.23.2-30-g0e89c35649 (webtiles) character file.

Game seed: 11589860383563714338

2013 Kobolds4U the Cleaver (level 9, -11/74 HPs)
             Began as a Minotaur Fighter on June 22, 2019.
             Was a Follower of Cheibriados.
             Killed by divine providence
             ... invoked by an orc priest
              (12 damage)
             ... on level 7 of the Dungeon.
             The game lasted 00:11:43 (5450 turns).

Kobolds4U the Cleaver (Minotaur Fighter)            Turns: 5450, Time: 00:11:44

Health: -11/74     AC: 10    Str: 23    XL:     9   Next: 2%
Magic:  11/11      EV:  8    Int:  8    God:    Cheibriados [*.....]
Gold:   289        SH: 10    Dex: 17    Spells: 8/8 levels left

rFire    + . .     SeeInvis +   a - +0 war axe
rCold    + . .     Gourm    .   c - +0 shield
rNeg     . . .     Faith    .   j - +0 chain mail
rPois    .         Spirit   .   (helmet restricted)
rElec    .         Reflect  .   L - scarf {rC+ rF+}
rCorr    .         Harm     .   (no gloves)
MR       .....                  J - +0 pair of boots
Stlth    ..........             (no amulet)
HPRegen  0.22/turn              o - ring of see invisible
MPRegen  0.12/turn              C - +3 ring of evasion

@: very slow
A: retaliatory headbutt, horns 2
a: Bend Time, Renounce Religion


You were on level 7 of the Dungeon.
You worshipped Cheibriados.
Cheibriados was aware of your devotion.
You were hungry.

You visited 1 branch of the dungeon, and saw 7 of its levels.

You collected 289 gold pieces.

Inventory:

Hand Weapons
 a - a +0 war axe (weapon)
 g - a +1 whip of flaming
Missiles
 d - 9 bolts
 i - 14 javelins (quivered)
 G - 27 arrows
Armour
 c - a +0 shield (worn)
 j - a +0 chain mail (worn)
 D - a +2 robe of magic resistance
 J - a +0 pair of boots (worn)
 L - a scarf of resistance (worn)
Jewellery
 m - an uncursed ring of ice
 o - a ring of see invisible (left hand)
 r - an uncursed ring of positive energy
 w - an uncursed ring of ice
 y - an uncursed ring of wizardry
 C - a +3 ring of evasion (right hand)
 H - an uncursed ring of wizardry
Wands
 F - a wand of flame (15)
 I - a wand of scattershot (5)
 N - a wand of disintegration (13)
Scrolls
 b - a scroll of blinking {unknown}
 e - 3 scrolls of immolation {unknown}
 k - 3 scrolls of fear
 l - 2 scrolls of magic mapping {unknown}
 n - 5 scrolls of remove curse {unknown}
 p - 3 scrolls of amnesia {unknown}
 q - a scroll of teleportation {unknown}
 t - 7 scrolls of identify {unknown}
 K - a scroll of fog {unknown}
 M - 2 scrolls of noise {unknown}
Potions
 h - 2 potions of ambrosia {unknown}
 s - a potion of flight {unknown}
 u - a potion of haste {unknown}
 v - a potion of heal wounds {unknown}
 x - a potion of agility {unknown}
 z - 3 potions of resistance {unknown}
 A - a potion of curing {unknown}
 B - 2 potions of brilliance {unknown}
 E - a potion of invisibility {unknown}
Comestibles
 f - 11 rations


   Skills:
 + Level 5.0 Fighting
 + Level 12.1 Axes
 - Level 3.6 Armour
 - Level 3.6 Shields
 * Level 4.9 Invocations


You had 8 spell levels left.
You didn't know any spells.
Your spell library was empty.

Dungeon Overview and Level Annotations

Branches:
Dungeon (7/15)             Temple (0/1) D:7

Altars:
Ashenzari
Cheibriados
Ru
Sif Muna
Uskayaw
Vehumet
Xom
Yredelemnul
The Shining One


Innate Abilities, Weirdness & Mutations

You reflexively headbutt those who attack you in melee.
You have a pair of horns on your head.


Message History

The orc warrior hits you with a +0 short sword!
* * * LOW HITPOINT WARNING * * *
As you read the scroll labeled MYTYSA XOAPPEA, it crumbles to dust.
You assume a fearsome visage.
The orc warrior looks frightened!
The orc looks frightened!
The orc priest looks frightened!
It was a scroll of fear.
An orc warrior opens the door.
You open the door.
There is an open door here.
You close the door.
You close the door.
Something unseen opens the door.
The orc priest mumbles some strange prayers to Beogh against you.
Pain shoots through your body!
* * * LOW HITPOINT WARNING * * *
There is an open door here.
There is a stone staircase leading up here.
The orc priest mumbles some strange prayers to Beogh against you.
Beogh smites you!
You die...

..................#
.................##
.......##........##
#########.........#
#..........#
#.........######
#.........##...##
##...##...#.....#
###'###..@'.....#
#.......(.##o..##
#.........##....#
##..###...##....#
##'#########o...#
#...+...........#
#...#...........#
#...#...........#
##.......###.####


You could see an orc priest.

Vanquished Creatures
  Pikel (D:4)
  2 slaves (D:4)
  An orc warrior (D:5)
  2 sky beasts
  A phantom (D:7)
  An ice beast (D:6)
  An ogre (D:4)
  A centaur (D:7)
  2 howler monkeys
  A bullfrog zombie (D:4)
  A crimson imp (D:4)
  3 hounds
  9 orc priests
  A bullfrog skeleton (D:6)
  4 orc wizards
  An iguana (D:6)
  5 worker ants
  A hound skeleton (D:4)
  6 adders
  An ooze (D:3)
  2 adder skeletons
  2 worms
  9 leopard geckos
  20 orcs
  13 bats
  4 giant cockroaches
  5 goblins (D:2)
  7 hobgoblins
  3 kobolds
  A quokka (D:5)
  2 ball pythons (D:3)
  8 frilled lizards
  A goblin skeleton (D:4)
  2 goblin zombies (D:4)
  3 hobgoblin zombies (D:4)
  A jackal skeleton (D:4)
  A kobold skeleton (D:4)
  A kobold zombie (D:4)
  An orc skeleton (D:4)
  2 orc zombies (D:4)
  A quokka skeleton (D:4)
  7 rats
141 creatures vanquished.

Vanquished Creatures (others)
  2 slaves (D:4)
  A scorpion (D:4)
3 creatures vanquished.

Grand Total: 144 creatures vanquished

Notes
Turn   | Place    | Note
-------+----------+-------------------------------------------
     0 | D:1      | Kobolds4U the Minotaur Fighter began the quest for the Orb.
     0 | D:1      | Reached XP level 1. HP: 19/19 MP: 0/0
    99 | D:1      | Reached skill level 3 in Axes
   132 | D:1      | Reached XP level 2. HP: 26/26 MP: 1/1
   303 | D:1      | Reached skill level 4 in Axes
   583 | D:2      | Reached XP level 3. HP: 25/31 MP: 2/2
   708 | D:2      | Reached skill level 5 in Axes
   711 | D:2      | Found a shimmering altar of Xom.
   789 | D:2      | Reached XP level 4. HP: 35/39 MP: 3/3
  1124 | D:2      | Reached skill level 6 in Axes
  1522 | D:3      | Reached XP level 5. HP: 40/45 MP: 4/4
  1818 | D:3      | Found a basalt altar of Yredelemnul.
  2015 | D:4      | Reached skill level 7 in Axes
  2204 | D:4      | Reached XP level 6. HP: 50/51 MP: 5/5
  2255 | D:4      | Found a glowing golden altar of the Shining One.
  2270 | D:4      | Reached skill level 8 in Axes
  2409 | D:4      | Found a snail-covered altar of Cheibriados.
  2413 | D:4      | Noticed a slave
  2418 | D:4      | Noticed a slave
  2421 | D:4      | Noticed a slave
  2423 | D:4      | Noticed a slave
  2424 | D:4      | Killed a slave
  2428 | D:4      | Noticed Pikel
  2770 | D:4      | Killed a slave
  2771 | D:4      | Killed Pikel
  2771 | D:4      | Reached skill level 10 in Axes
  2771 | D:4      | Reached XP level 7. HP: 11/57 MP: 6/6
  2963 | D:4      | Became a worshipper of Cheibriados the Contemplative
  3166 | D:4      | Reached skill level 11 in Axes
  3248 | D:4      | Reached XP level 8. HP: 64/64 MP: 7/7
  3339 | D:4      | Found a sacrificial altar of Ru.
  3609 | D:5      | Entered Level 5 of the Dungeon
  3696 | D:5      | Found a transporter.
  3718 | D:5      | Found a transporter.
  3729 | D:5      | Reached skill level 1 in Invocations
  4804 | D:6      | Reached * piety under Cheibriados
  4927 | D:6      | Found a hide-covered altar of Uskayaw.
  4928 | D:6      | Found a radiant altar of Vehumet.
  4929 | D:6      | Found a shattered altar of Ashenzari.
  4963 | D:6      | Reached skill level 12 in Axes
  5143 | D:6      | Found a deep blue altar of Sif Muna.
  5351 | D:7      | Found a staircase to the Ecumenical Temple.
  5417 | D:7      | Reached XP level 9. HP: 29/73 MP: 11/11
  5419 | D:7      | Reached skill level 5 in Fighting
  5419 | D:7      | HP: 1/74 [orc warrior/+0 short sword (10)]
  5447 | D:7      | HP: 1/74 [orc priest/nerve-wracking pain (9)]
  5450 | D:7      | Killed from afar by an orc priest

Skill      XL: |  1  2  3  4  5  6  7  8  9 |
---------------+----------------------------+-----
Axes           | 3 4 5 6 7 10 11 12 | 12.1
Invocations    | 4 |  4.9
Fighting       | 4 5 |  5.0
Armour         | |  3.6
Shields        | |  3.6

Action                   |  1- 3 |  4- 6 |  7- 9 || total
-------------------------+-------+-------+-------++-------
Melee: War axe           |    94 |   153 |   130 ||   377
       Headbutt          |     9 |    35 |    24 ||    68
  Use: Potion            |       |     1 |       ||     1
       Scroll            |       |       |     1 ||     1
  Eat: Chunk             |       |     6 |     8 ||    14
Armor: Scale mail        |    13 |       |       ||    13
       Chain mail        |    53 |    64 |    26 ||   143
Dodge: Dodged            |    33 |    42 |    35 ||   110
Block: Shield            |    52 |    67 |    48 ||   167
